 Dungeon Crawl Stone Soup version 0.26.1-11-gd32895ea62 (webtiles) character file.

Game seed: 2000435809200754028

140 manyhoops the Changer (level 5, -1/43 HPs)
             Began as a Palentonga Transmuter on Apr 16, 2021.
             Was a Believer of Uskayaw.
             Slain by an orc
             ... wielding a +0 trident
              (4 damage)
             ... on level 3 of the Dungeon.
             The game lasted 00:02:54 (3313 turns).

manyhoops the Changer (Palentonga Transmuter)       Turns: 3313, Time: 00:02:55

Health: -1/43      AC:  4    Str: 14    XL:     5   Next: 2%
Magic:  7/8        EV: 10    Int: 13    God:    Uskayaw [**....]
Gold:   144        SH:  0    Dex: 11    Spells: 2/8 levels left

rFire    . . .     SeeInvis +     - Unarmed
rCold    . . .     Faith    .   (no shield)
rNeg     . . .     Spirit   .   a - +0 robe
rPois    .         Reflect  .   (helmet currently unavailable)
rElec    .         Harm     .   (no cloak)
rCorr    .         Rampage  .   (no gloves)
Will     .....                  (no barding)
Stlth    +.........             (no amulet)
HPRegen  0.14/turn              (no ring)
MPRegen  0.11/turn              (no ring)

@: appendages (expiring)
A: large, horns 2, talons 2, rugged brown scales 3, see invisible, deformed
body, roll 1, armoured tail
a: Rolling Charge, End Transformation, Renounce Religion, Stomp, Line Pass


You were on level 3 of the Dungeon.
You worshipped Uskayaw.
Uskayaw was noncommittal.
You had grown temporary horns.
You had grown temporary talons.
You visited 1 branch of the dungeon, and saw 3 of its levels.

You collected 144 gold pieces.

Inventory:

Armour
 a - a +0 robe (worn)
Jewellery
 m - an uncursed ring of fire
Scrolls
 b - a scroll of fear {unknown}
 c - a scroll of immolation {unknown}
 d - 2 scrolls of identify {unknown}
 g - 2 scrolls of enchant weapon {unknown}
 h - 2 scrolls of teleportation {unknown}
 k - a scroll of random uselessness {unknown}
Potions
 e - a potion of haste {unknown}
 f - a potion of attraction {unknown}
 i - a potion of brilliance {unknown}
 j - 2 potions of might {unknown}
 l - a potion of curing {unknown}
 n - a potion of heal wounds
 o - a potion of flight {unknown}


   Skills:
 - Level 1.7 Fighting
 - Level 1.5 Dodging
 - Level 3.9 Unarmed Combat
 - Level 2.0 Spellcasting
 + Level 4.3 Transmutations


You had 2 spell levels left.
You knew the following spells:

 Your Spells              Type           Power        Failure   Level
a - Beastly Appendage     Tmut           24%          4%          1
b - Wereblood             Tmut           12%          6%          2
c - Spider Form           Tmut/Pois      3%           30%         3

Your spell library contained the following spells:

 Spells                   Type           Power        Failure   Level
 Ice Form                 Ice/Tmut       6%           71%         4
 Blade Hands              Tmut           6%           75%         5


Dungeon Overview and Level Annotations

Branches:
Dungeon (3/15)

Altars:
Cheibriados
Fedhas
Makhleb
Okawaru
Uskayaw

Annotations:
D:2 Sigmund


Innate Abilities, Weirdness & Mutations

You are completely covered in rugged brown scales. (AC +3, +7% HP)
You have supernaturally acute eyesight. (SInv)
Armour fits poorly on your strangely shaped body.
You can roll at nearby foes to attack.
You have a long armoured tail.
You have a pair of horns on your head.
You have razor-sharp toenails.


Message History

The orc is moderately wounded.
The orc closely misses you.
The orc hits you from afar with a +0 trident.
You hit the orc.
The orc is heavily wounded.
Your transformation is almost over.
The orc hits you.
* * * LOW HITPOINT WARNING * * *
The orc closely misses you.
You closely miss the orc. Your kick misses the orc.
The orc is heavily wounded.
The orc closely misses you.
The orc hits you from afar with a +0 trident!
* * * LOW HITPOINT WARNING * * *
You hit the orc.
The orc is almost dead.
The orc hits you.
* * * LOW HITPOINT WARNING * * *
The orc hits you from afar with a +0 trident.
You die...

#.# #.# #.# #.#
#.# #.# #.# #.#
#.#####.#######
#.............#
#######.#####.
#.# #@# #o# #o#
#[# #.)......
#########
###### ......
######


You could see 2 orcs.

Vanquished Creatures
  An orc priest (D:3)
  2 adders (D:3)
  An ooze (D:1)
  2 worms
  A dart slug (D:1)
  5 leopard geckos
  10 orcs
  A giant cockroach (D:2)
  8 goblins
  6 hobgoblins
  9 jackals
  4 kobolds
  4 bats
  4 frilled lizards
  5 rats
63 creatures vanquished.

Notes
Turn   | Place    | Note
-------+----------+-------------------------------------------
     0 | D:1      | manyhoops the Palentonga Transmuter began the quest for the
                  | Orb.
     0 | D:1      | Reached XP level 1. HP: 17/17 MP: 3/3
    64 | D:1      | Reached XP level 2. HP: 4/24 MP: 5/5
  1128 | D:2      | Learned a level 2 spell: Wereblood
  1134 | D:2      | Noticed Sigmund
  1188 | D:2      | Reached XP level 3. HP: 31/31 MP: 6/6
  1280 | D:2      | Found a blossoming altar of Fedhas.
  1284 | D:2      | Found a snail-covered altar of Cheibriados.
  1483 | D:2      | Found a hide-covered altar of Uskayaw.
  1486 | D:2      | Noticed a +0 dagger
  1488 | D:2      | Noticed a +0 hand axe
  1499 | D:2      | Became a worshipper of Uskayaw the Reveller
  1583 | D:2      | Found an iron altar of Okawaru.
  1663 | D:2      | Reached * piety under Uskayaw
  1669 | D:2      | Learned a level 3 spell: Spider Form
  2290 | D:3      | Reached skill level 3 in Transmutations
  2290 | D:3      | Reached ** piety under Uskayaw
  2354 | D:3      | Reached XP level 4. HP: 34/38 MP: 7/7
  2890 | D:3      | Found a blossoming altar of Fedhas.
  3236 | D:3      | Found a burning altar of Makhleb.
  3305 | D:3      | Reached skill level 4 in Transmutations
  3305 | D:3      | Reached XP level 5. HP: 17/43 MP: 6/8
  3313 | D:3      | Slain by an orc

Illustrated notes

Levels and vault maps discovered:
D:1:      dpeg_arrival_solitude, layout_basic
D:2:      layout_loops_cross, okawaru_ov_weapons_minmay,
          dancing_weapons_uskayaw, nicolae_overflow_hidden_temple,
          solitary_fountain, due_unseen_surprise, uniq_sigmund
D:3:      layout_loops_ring, lemuel_round_altar, minivault_25,
          fedhas_altar_fruit_tree

Skill      XL: |  1  2  3  4 |
---------------+-------------+-----
Transmutations | 3 4 |  4.3
Fighting       | |  1.7
Dodging        | |  1.5
Unarmed Combat | |  3.9
Spellcasting   | |  2.0

Action                   |  1- 3 |  4- 6 || total
-------------------------+-------+-------++-------
Melee: Unarmed           |   137 |    83 ||   220
       Headbutt          |     8 |     4 ||    12
       Kick              |    11 |     4 ||    15
       Tailslap          |    11 |     3 ||    14
       Punch             |     2 |       ||     2
 Cast: Beastly Appendage |    11 |     7 ||    18
       Wereblood         |     2 |       ||     2
 Abil: Rolling Charge    |     1 |       ||     1
  Use: Potion            |     2 |       ||     2
Armor: Robe              |    59 |    18 ||    77
Dodge: Dodged            |    96 |    36 ||   132
